 Dungeon Crawl Stone Soup version 0.27-a0-760-gc38aae387d (webtiles) character file.

Game seed: 15349180365581133076

5082 leviel the Skirmisher (level 10, -1/73 HPs)
             Began as a Djinni Venom Mage on Mar 24, 2021.
             Was a Believer of Makhleb.
             Slain by an eight-headed hydra (13 damage)
             ... on level 8 of the Dungeon.
             The game lasted 01:13:21 (15615 turns).

leviel the Skirmisher (Djinni Venom Mage)          Turns: 15615, Time: 01:13:22

Health: -1/73      AC: 10    Str: 16    XL:     10   Next: 57%
Gold:   345        EV: 14    Int: 18    God:    Makhleb [**....] SH:  7 Dex: 13

rFire    + . .     SeeInvis .   w - +3 dagger (distort)
rCold    . . .     Faith    .   o - +2 buckler
rNeg     . . .     Spirit   .   q - +0 acid dragon scales
rPois    ∞         Reflect  .   (helmet restricted)
rElec    .         Harm     .   (no cloak)
rCorr    +         Rampage  .   l - +0 pair of gloves
Will     +....                  (boots unavailable)
Stlth    +++.......             (no amulet)
HPRegen  0.22/turn              f - ring of ice
MPRegen  0.00/turn              k - +6 ring of strength

@: flying
A: fire resistance 2, cold vulnerability 1, float, innate caster, hp casting,
extra vitality 1, antennae 1, slimy green scales 1
a: Renounce Religion, Minor Destruction


You were on level 8 of the Dungeon.
You worshipped Makhleb.
Makhleb was pleased with you.
You visited 2 branches of the dungeon, and saw 10 of its levels.

You collected 345 gold pieces.

Inventory:

Hand Weapons
 a - a +1 dagger of draining
 w - a +3 dagger of distortion (weapon)
Armour
 d - a +0 robe
 l - a +0 pair of gloves (worn)
 o - a +2 buckler (worn)
 q - +0 acid dragon scales (worn)
Jewellery
 e - a +6 ring of strength
 f - a ring of ice (right hand)
 j - a +4 ring of protection
 k - a +6 ring of strength (left hand)
Wands
 b - a wand of random effects (6)
 h - a wand of flame (15)
 i - a wand of paralysis (9)
Scrolls
 c - 2 scrolls of teleportation
 g - a scroll of magic mapping
 v - a scroll of blinking
 x - a scroll of identify
Potions
 m - 3 potions of haste
 n - a potion of ambrosia
 p - a potion of brilliance {unknown}
 r - a potion of resistance {unknown}
 t - 2 potions of berserk rage
 u - a potion of heal wounds {unknown}
 z - 2 potions of degeneration {unknown}


   Skills:
 * Level 6.7 Fighting
 + Level 4.8 Short Blades
 + Level 5.2 Armour
 + Level 6.5 Dodging
 + Level 5.2 Stealth
 - Level 4.0 Shields
 + Level 5.7 Spellcasting
 - Level 2.0 Invocations
 - Level 2.0 Evocations


You couldn't memorise any spells.
You knew the following spells:

 Your Spells              Type           Power      Damage    Failure   Level
a - Sting                 Tmut/Pois      100%       1d8       1%          1
b - Poisonous Vapours     Pois/Air       50%        N/A       2%          2
c - Mephitic Cloud        Conj/Pois/Air  25%        N/A       4%          3
d - Ignite Poison         Fire/Tmut/Pois 25%        N/A       4%          3
e - Olgreb's Toxic Radia  Pois           25%        N/A       16%         4
f - Corona                Hex            27%        N/A       1%          1
g - Corpse Rot            Necr/Air       N/A        N/A       2%          2
h - Vampiric Draining     Necr           12%        2d7       4%          3
i - Frozen Ramparts       Ice            76%        1d9       4%          3
Your spell library was empty.

Dungeon Overview and Level Annotations

Branches:
Dungeon (9/15)             Temple (1/1) D:4
   Lair: D:8-11         Orc: D:9-12

Altars:
Ashenzari
Cheibriados
Dithmenos
Elyvilon
Fedhas
Gozag
Hepliaklqana
Kikubaaqudgha
Makhleb
Nemelex Xobeh
Okawaru
Qazlal
Sif Muna
Trog
Uskayaw
Vehumet
Wu Jian
Xom
Yredelemnul
Zin
The Shining One

Annotations:
D:4 exclusion: oklob plant
D:8 Joseph


Innate Abilities, Weirdness & Mutations

You are immune to poison.
Your flesh is very heat resistant. (rF++)
You are vulnerable to cold. (rC-)
You float through the air rather than walking.
You learn spells naturally, not from books.
Your magical power is your life essence.
You have superior vitality. (+4 HP)
You have a pair of small antennae on your head.
You are partially covered in slimy green scales. (AC +2)


Message History

The eight-headed hydra bites you but does no damage.
The eight-headed hydra barely misses you.
You block the eight-headed hydra's attack.
The eight-headed hydra closely misses you.
The eight-headed hydra bites you but does no damage.
The eight-headed hydra bites you.
A wraith comes into view.
The eight-headed hydra closely misses you.
The eight-headed hydra misses you.
The eight-headed hydra bites you but does no damage.
The eight-headed hydra bites you. x3
The eight-headed hydra completely misses you.
The eight-headed hydra barely misses you.
The kobold brigand throws a poisoned dart.
The poisoned dart hits you!
There is a stone staircase leading up here.
You block the eight-headed hydra's attack.
The eight-headed hydra misses you.
The eight-headed hydra closely misses you.
The eight-headed hydra bites you! x2
The eight-headed hydra barely misses you.
The eight-headed hydra bites you!
* * * LOW HITPOINT WARNING * * *
The eight-headed hydra bites you.
* * * LOW HITPOINT WARNING * * *
You fly upwards.
Level annotation: Joseph
There is a stone staircase leading down here.
You feel better.
The eight-headed hydra closely misses you.
The eight-headed hydra bites you but does no damage.
You block the eight-headed hydra's attack.
The eight-headed hydra bites you.
* * * LOW HITPOINT WARNING * * *
The eight-headed hydra bites you!
* * * LOW HITPOINT WARNING * * *
The eight-headed hydra bites you but does no damage.
You block the eight-headed hydra's attack.
The eight-headed hydra bites you!
You die...

#.#.###.##############
#.#..................#
#.#####(############.#
#>#####.#######...<#.###
#.....#......##.##.....#
#.....######.##.##.#.#.#
#.....# #....##.#.#.#
#.....############.#.#.#
...............D@#.#.#.#
......#.##########...#.#
..#####.##############.# ..##
#................#
...##########################
............................#
...########################.#
...####..............# #.#
.....##.############.# #.#


You could see an eight-headed hydra.

Vanquished Creatures
  A two-headed ogre (D:8)
  Maggie (D:7)
  Psyche (D:8)
  Prince Ribbit (D:8)
  Eustachio (D:5)
  A steam dragon (D:3)
  Edmund (D:5)
  2 water moccasins
  2 sky beasts
  4 orc warriors
  2 ogres
  2 necrophages
  2 centaurs
  A phantom (D:5)
  A bullfrog (D:8)
  2 scorpions
  A wyvern skeleton (D:7)
  3 jellies
  5 killer bees (D:4)
  10 wights
  3 howler monkeys
  A bullfrog zombie (D:5)
  3 centaur zombies
  6 orc priests
  A gnoll shaman (D:7)
  3 hounds
  An iguana (D:6)
  A worker ant (D:5)
  7 orc wizards
  8 gnolls
  A howler monkey skeleton (D:6)
  8 adders
  A shadow imp (D:6)
  An adder skeleton (D:4)
  A worm (D:2)
  A dart slug (D:4)
  29 orcs
  3 bats
  4 endoplasms
  3 giant cockroaches
  7 goblins
  6 hobgoblins
  16 jackals
  7 quokkas
  4 ball pythons
  4 frilled lizards
  12 kobolds
  3 rats
189 creatures vanquished.

Vanquished Creatures (others)
  4 fungi (D:4)
  20 plants (D:4)
24 creatures vanquished.

Grand Total: 213 creatures vanquished

Notes
Turn   | Place    | Note
-------+----------+-------------------------------------------
     0 | D:1      | leviel the Djinni Venom Mage began the quest for the Orb.
     0 | D:1      | Reached XP level 1. HP: 15/15 MP: 0/0
   476 | D:1      | Reached XP level 2. HP: 19/21 MP: 0/0
  1365 | D:2      | HP: 1/21 [ooze/Freeze (1)]
  1639 | D:1      | Upgraded the game from 0.27-a0-732-ga892ba84f6 to
                  | 0.27-a0-760-gc38aae387d
  1843 | D:2      | Reached XP level 3. HP: 18/25 MP: 0/0
  1843 | D:2      | Learned a level 1 spell: Corona
  2812 | D:2      | Found a burning altar of Makhleb.
  2814 | D:2      | Noticed a cacodemon
  3369 | D:3      | Reached XP level 4. HP: 30/31 MP: 0/0
  4060 | D:3      | Noticed an ice beast
  4079 | D:3      | Noticed a steam dragon
  4486 | D:4      | Reached skill level 1 in Short Blades
  4486 | D:4      | Reached skill level 1 in Armour
  4486 | D:4      | Reached XP level 5. HP: 21/36 MP: 0/0
  4486 | D:4      | Learned a level 2 spell: Corpse Rot
  4610 | D:4      | Found a hide-covered altar of Uskayaw.
  4661 | D:4      | Noticed a necrophage
  4681 | D:4      | Gained mutation: You have a pair of small antennae on your
                  | head. [potion of mutation]
  4681 | D:4      | Gained mutation: You are partially covered in slimy green
                  | scales. (AC +2) [potion of mutation]
  4740 | D:3      | Killed a steam dragon
  4741 | D:3      | Reached skill level 1 in Fighting
  4741 | D:3      | Reached skill level 1 in Shields
  4741 | D:3      | Reached XP level 6. HP: 25/42 MP: 0/0
  6184 | D:4      | Reached XP level 7. HP: 41/48 MP: 0/0
  6184 | D:4      | Learned a level 3 spell: Vampiric Draining
  6278 | D:4      | Found a blossoming altar of Fedhas.
  6299 | D:4      | Noticed an oklob plant
  6389 | D:4      | Found a staircase to the Ecumenical Temple.
  6517 | Temple   | Entered the Ecumenical Temple
  6820 | Temple   | Became a worshipper of Makhleb the Destroyer
  7694 | D:5      | Entered Level 5 of the Dungeon
  7763 | D:5      | Reached XP level 8. HP: 50/55 MP: 0/0
  8936 | D:6      | Reached skill level 1 in Invocations
  8936 | D:6      | Reached skill level 1 in Evocations
  9072 | D:6      | Noticed Eustachio
  9264 | D:6      | Noticed Edmund
  9271 | D:5      | Killed Edmund
  9535 | D:6      | Reached * piety under Makhleb
  9538 | D:6      | Reached XP level 9. HP: 48/62 MP: 0/0
  9538 | D:6      | Learned a level 3 spell: Frozen Ramparts
  9589 | D:5      | Killed Eustachio
  9590 | D:5      | Reached skill level 5 in Dodging
 10780 | D:7      | Noticed Maggie
 10805 | D:7      | Killed Maggie
 10806 | D:7      | Reached skill level 5 in Spellcasting
 11227 | D:7      | Reached skill level 5 in Fighting
 11836 | D:7      | Found a snail-covered altar of Cheibriados.
 12410 | D:7      | Reached XP level 10. HP: 61/72 MP: 0/0
 13574 | D:8      | Found a shadowy altar of Dithmenos.
 13784 | D:8      | Noticed Psyche
 13908 | D:8      | Killed Psyche
 14089 | D:8      | Reached ** piety under Makhleb
 14090 | D:8      | Reached skill level 5 in Stealth
 14531 | D:8      | Noticed a two-headed ogre
 14544 | D:8      | Killed a two-headed ogre
 14545 | D:8      | Reached skill level 5 in Armour
 14686 | D:8      | Found an ornate altar of the Wu Jian Council.
 14865 | D:8      | Noticed Prince Ribbit
 14878 | D:8      | Killed Prince Ribbit
 15003 | D:8      | Noticed Joseph
 15004 | D:8      | Found a broken altar of Ashenzari.
 15421 | D:9      | Noticed an eight-headed hydra
 15615 | D:8      | Slain by an eight-headed hydra

Illustrated notes

Levels and vault maps discovered:
D:1:      psy_arrival_fountain, layout_basic
D:2:      layout_loops_cross, makhleb_altar_promises_db
D:3:      minmay_thinvault, layout_rooms, minmay_misc_feat_encased
D:4:      layout_basic, nicolae_uskayaw_murder_on_the_dancefloor,
          minmay_temple_entry_ruins, tgw_fedhas
D:5:      layout_loops_ring
D:6:      layout_cave_pools, uniq_eustachio, uniq_edmund
D:7:      layout_basic, serial_co_window_serial, co_window_corner_a,
          co_window_corner_a, co_window_paths_b, co_window_cross_1,
          co_window_corner_a, co_window_2corner, co_window_unsneaky_path_c,
          co_window_cross_3, co_window_corner_ca, co_window_of_opportunity_b,
          co_window_4corner_b, glass_columns_c, glass_columns_c,
          glass_columns_b, glass_columns_a, glass_columns_c, basic_altar,
          uniq_maggie
D:8:      layout_basic, nicolae_overflow_hidden_temple, lemuel_crystal_altar,
          uniq_psyche, uniq_prince_ribbit1, uniq_joseph
D:9:      wad_statue_garden, layout_cave_pools, lemuel_round_altar, orc_0_dummy,
          serial_column_ruins, column_ruins_square_medium, column_ruins_grid_3,
          column_ruins_open_small, column_ruins_corridor_straight,
          column_ruins_columns_straight, column_ruins_open_tiny,
          column_ruins_corridor_plus, column_ruins_open_medium
Temple:   nicolae_temple_elliptical

Skill      XL: |  1  2  3  4  5  6  7  8  9 10 |
---------------+-------------------------------+-----
Spellcasting   | 3 4 5 |  5.7
Stealth        | 2 3 4 5 |  5.2
Short Blades   | 1 2 3 4 |  4.8
Armour         | 1 2 3 4 5 |  5.2
Fighting       | 1 2 3 5 6 |  6.7
Dodging        | 3 4 5 6 |  6.5
Shields        | 1 2 3 4 |  4.0
Invocations    | 1 2 |  2.0
Evocations     | 1 2 |  2.0

Action                   |  1- 3 |  4- 6 |  7- 9 | 10-12 || total
-------------------------+-------+-------+-------+-------++-------
Melee: Unarmed           |     1 |       |       |       ||     1
       Club              |    17 |       |       |       ||    17
       Short sword       |    18 |       |       |       ||    18
       Dagger            |    22 |    49 |   232 |    18 ||   321
 Cast: Sting             |    50 |    94 |    17 |       ||   161
       Corona            |     2 |       |     5 |       ||     7
       Poisonous Vapours |       |     1 |       |       ||     1
       Mephitic Cloud    |       |     1 |    45 |    53 ||    99
       Vampiric Draining |       |       |    62 |       ||    62
       Ignite Poison     |       |       |    28 |    37 ||    65
       Olgreb's Toxic Ra |       |       |     2 |       ||     2
       Frozen Ramparts   |       |       |     1 |       ||     1
Evoke: Wand              |       |       |     6 |       ||     6
  Use: Scroll            |     4 |    10 |     3 |     1 ||    18
       Potion            |       |     3 |     1 |     1 ||     5
 Stab: Sleeping          |     1 |       |     1 |       ||     2
       Confused          |       |       |     2 |     2 ||     4
Armor: Robe              |    10 |     1 |    38 |       ||    49
       Leather armour    |     8 |    26 |       |       ||    34
       Ring mail         |     3 |       |       |       ||     3
       Acid dragon scale |       |       |    23 |    11 ||    34
Dodge: Dodged            |    48 |    49 |   201 |    13 ||   311
Block: Buckler           |     6 |    17 |    83 |     9 ||   115

Table legend: (Time is in decaauts)
 A = Elapsed time spent in this place.
 B = Non-inter-level travel time spent in this place.
 C = Inter-level travel time spent in this place.
 D = Time resting spent in this place.
 E = Time spent auto-exploring this place.
 F = Levels seen in this place.
 G = Mean time per level.
                   A        B        C        D        E       F      G
               +--------+--------+--------+--------+--------+-----+--------+
         Total |  15609 |  15069 |    540 |   6083 |   5932 |  10 | 1560.9 |
       Dungeon |  15280 |  14767 |    513 |   6083 |   5784 |   9 | 1697.8 |
        Temple |    329 |    302 |     27 |      0 |    148 |   1 |  329.0 |
               +--------+--------+--------+--------+--------+-----+--------+

Top non-repeatable levels by time:
     D:7: 2583 daAuts
     D:5: 2188 daAuts
     D:8: 2181 daAuts
     D:2: 1968 daAuts
     D:3: 1967 daAuts
     D:4: 1896 daAuts
     D:1: 1546 daAuts
     D:6: 878 daAuts
  Temple: 329 daAuts
     D:9: 69 daAuts
